 Dungeon Sprint DCSS version 0.19.1 (webtiles) character file.

112 equalderp2856 the Gouger (level 4, 0/24 HPs)
             Began as a Felid Fighter on Nov 28, 2016.
             Was a Follower of Nemelex Xobeh.
             Slain by a tyrant leech (24 damage)
             ... in the Dungeon (Sprint IX: "|||||||||||||||||||||||||||||").
             The game lasted 00:01:56 (771 turns).

equalderp2856 the Gouger (Felid Fighter)             Turns: 771, Time: 00:01:57

Health: 0/24       AC:  5    Str: 13    XL:     4   Next: 64%
Magic:  5/5        EV: 22    Int: 10    God:    Nemelex Xobeh [*.....]
Gold:   0          SH:  0    Dex: 15    Spells: 0 memorised, 3 levels left
                                        Lives:  0   Deaths: 1

rFire  . . .     SeeInvis +       - Unarmed
rCold  . . .     Gourm    .     (armour unavailable)
rNeg   . . .     Faith    .     (shield unavailable)
rPois  .         Spirit   .     (helmet unavailable)
rElec  .         Reflect  .     (cloak unavailable)
rCorr  .         Harm     .     (gloves unavailable)
MR     .....     NoTele   +     (boots unavailable)
Stlth  ++........               (no amulet)
                                o - +2 ring of protection
                                n - +2 ring of protection

@: quick
A: no armour, no weapons or thrown items, stealth, claws 1, fangs 3, see
invisible, carnivore 3, speed 1, shaggy fur 1, slow metabolism 1, sharp paws
a: Renounce Religion


You were in the Dungeon.
You worshipped Nemelex Xobeh.
Nemelex Xobeh was aware of your devotion.
You were not hungry.

You visited 1 branch

Inventory:

Jewellery
 n - a +2 ring of protection (left paw)
 o - a +2 ring of protection (right paw)
Wands
 m - a wand of acid (7/15)
Scrolls
 h - 2 scrolls of blinking
 k - 3 scrolls of remove curse
 l - 2 scrolls of amnesia
Potions
 a - a potion of might
 c - 5 potions of curing
 d - a potion of heal wounds
 e - a potion of haste
 f - 4 potions of magic
 g - a potion of berserk rage
 j - a potion of invisibility
Miscellaneous
 i - a plain deck of escape
 p - an ornate deck of summoning
Comestibles
 b - 13 meat rations


   Skills:
 + Level 5.7 Fighting
 + Level 7.1 Dodging
 + Level 1.9 Stealth
 + Level 10.3 Unarmed Combat


You had 3 spell levels left.
You didn't know any spells.

Dungeon Overview and Level Annotations

Branches:
Dungeon (1/1)

Altars:
Cheibriados
Dithmenos
Elyvilon
Fedhas
Gozag
Hepliaklqana
Kikubaaqudgha
Makhleb
Nemelex Xobeh
Okawaru
Qazlal
Ru
Sif Muna
Trog
Uskayaw
Vehumet
Xom
Yredelemnul
Zin
The Shining One
Beogh
Jiyva
Lugonu


Innate Abilities, Weirdness & Mutations

You cannot wear armour.
You are incapable of wielding weapons or throwing items.
Your paws allow you to move quietly. (Stealth)
You have sharp claws.
You have razor-sharp teeth.
You have supernaturally acute eyesight. (SInv)
You are carnivorous and can eat meat at any time.
You cover ground quickly.
You are covered in fur. (AC +1)
You have a slow metabolism.
Your sharp claws are effective at attacking unaware monsters.


Message History

The bullfrog is heavily wounded.
The spiny frog gives a loud, deep croak!
The bullfrog closely misses you.
You scratch the bullfrog.
The bullfrog is heavily wounded.
The bullfrog closely misses you.
You scratch the bullfrog.
The bullfrog is severely wounded.
The bullfrog completely misses you.
You scratch the tyrant leech.
The tyrant leech is lightly wounded.
A bullfrog comes into view.
You miss the tyrant leech.
The bullfrog gives a loud, deep croak!
You claw the tyrant leech!
The tyrant leech is moderately wounded.
The tyrant leech bites you!!
Ouch! That really hurt!
You die...
Your body disappears without a glow.

▓[▓
▓[▓
▓F▓
▓[▓
▓F▓
▓.▓
▓.▓
▓.▓
▓$▓
▓'▓
▓F▓
▓)▓
▓F▓
▓.▓
▓w▓
▓.▓
▓@▓
▓.▓
▓%▓
▓.▓
▓.▓
▓.▓
▓[▓
▓†▓
▓[▓
▓H▓
▓[▓
▓J▓
▓[▓.▓
▓C▓
▓.▓.▓
▓h▓
▓.▓.▓


You could see a tyrant leech, a spiny frog, a blink frog (wandering) and 2
bullfrogs.

Vanquished Creatures
  A centaur (D)
  A phantom (D)
  An iguana (D)
  A gnoll (D)
  2 adders (D)
  2 orcs (D)
  A ball python (D)
  A bat skeleton (D)
  A hobgoblin (D)
  A quokka (D)
  A bat (D)
  2 frilled lizards (D)
  A goblin (D)
  A quokka zombie (D)
17 creatures vanquished.

Notes
Turn   | Place    | Note
-------+----------+-------------------------------------------
     0 | D        | equalderp2856 the Felid Fighter began the quest for the Orb.
     0 | D        | Reached XP level 1. HP: 10/10 MP: 2/2
    43 | D        | Reached skill level 5 in Unarmed Combat
    43 | D        | Reached XP level 2. HP: 15/15 MP: 3/3
    50 | D        | Reached skill level 5 in Dodging
   127 | D        | Found a roughly hewn altar of Beogh.
   127 | D        | Found a snail-covered altar of Cheibriados.
   127 | D        | Found a shadowy altar of Dithmenos.
   127 | D        | Found a white marble altar of Elyvilon.
   127 | D        | Found a blossoming altar of Fedhas.
   127 | D        | Found an opulent altar of Gozag.
   128 | D        | Found a hazy altar of Hepliaklqana.
   129 | D        | Found a viscous altar of Jiyva.
   130 | D        | Found an ancient bone altar of Kikubaaqudgha.
   131 | D        | Found a corrupted altar of Lugonu.
   132 | D        | Found a burning altar of Makhleb.
   133 | D        | Found a sparkling altar of Nemelex Xobeh.
   134 | D        | Found an iron altar of Okawaru.
   135 | D        | Found a stormy altar of Qazlal.
   136 | D        | Found a sacrificial altar of Ru.
   137 | D        | Found a deep blue altar of Sif Muna.
   138 | D        | Found a bloodstained altar of Trog.
   139 | D        | Found a hide-covered altar of Uskayaw.
   140 | D        | Found a radiant altar of Vehumet.
   141 | D        | Became a worshipper of Nemelex Xobeh the Trickster
   142 | D        | Found a shimmering altar of Xom.
   143 | D        | Found a basalt altar of Yredelemnul.
   143 | D        | Received a gift from Nemelex Xobeh
   144 | D        | Found a glowing silver altar of Zin.
   148 | D        | Found a glowing golden altar of the Shining One.
   175 | D        | Noticed a phantom
   187 | D        | Reached skill level 6 in Unarmed Combat
   187 | D        | Reached XP level 3. HP: 13/18 MP: 4/4
   367 | D        | Reached skill level 7 in Unarmed Combat
   583 | D        | Reached XP level 4. HP: 13/22 MP: 5/5
   586 | D        | Killed a phantom
   586 | D        | Reached skill level 5 in Fighting
   586 | D        | Reached skill level 9 in Unarmed Combat
   586 | D        | Reached XP level 5. HP: 15/26 MP: 6/6
   729 | D        | Noticed a centaur
   729 | D        | Noticed a manticore
   729 | D        | Noticed a slime creature
   729 | D        | Noticed a hill giant
   729 | D        | Noticed a yak
   737 | D        | Killed a centaur
   737 | D        | Reached skill level 1 in Stealth
   737 | D        | Reached skill level 10 in Unarmed Combat
   744 | D        | Mangled by a manticore
   745 | D        | Reached XP level 4. HP: -7/24 MP: 5/5
   745 | D        | Received a gift from Nemelex Xobeh
   745 | D        | Reached * piety under Nemelex Xobeh
   765 | D        | Noticed a bullfrog
   765 | D        | Noticed a tyrant leech
   766 | D        | Received a gift from Nemelex Xobeh
   766 | D        | Noticed a spiny frog
   771 | D        | Noticed a bullfrog
   771 | D        | Slain by a tyrant leech

Skill      XL: |  1  2  3  4  5 |
---------------+----------------+-----
Unarmed Combat | 5 6 7 9 10 | 10.3
Dodging        | 5 6 7 |  7.1
Fighting       | 4 5 |  5.7
Stealth        | 1 |  1.9

Action                   |  1- 3 |  4- 6 || total
-------------------------+-------+-------++-------
Melee: Unarmed           |    45 |    19 ||    64
       Bite              |     4 |     1 ||     5
       Punch             |     2 |     2 ||     4
  Use: Potion            |       |     2 ||     2
  Eat: Chunk             |     1 |       ||     1
Armor: Skin              |     4 |       ||     4
Dodge: Dodged            |    28 |    20 ||    48
